 Dungeon Sprint DCSS version 0.21.0-25-ge575cb9 (webtiles) character file.

149 wojtek the Cleaver (level 5, -4/51 HPs)
             Began as a Minotaur Berserker on Jan 26, 2018.
             Was an Elder of Trog.
             Slain by a deep elf mage
             ... wielding a +2 long sword of holy wrath
              (7 damage)
             ... in the Dungeon (Sprint III: "The Ten Rune Challenge").
             The game lasted 00:01:09 (506 turns).

wojtek the Cleaver (Minotaur Berserker)              Turns: 506, Time: 00:01:10

Health: -4/51      AC:  2    Str: 23    XL:     5   Next: 9%
Magic:  4/4        EV: 14    Int:  4    God:    Trog [****..]
Gold:   58         SH:  0    Dex:  9    Spells: 4/4 levels left

rFire    . . .     SeeInvis .   a - +0 hand axe
rCold    . . .     Gourm    .   (no shield)
rNeg     . . .     Faith    .   b - +0 animal skin
rPois    .         Spirit   .   (helmet restricted)
rElec    .         Reflect  .   (no cloak)
rCorr    .         Harm     .   (no gloves)
MR       .....     NoTele   +   (no boots)
Stlth    +.........             (no amulet)
HPRegen  0.17/turn              (no ring)
MPRegen  0.09/turn              (no ring)

@: berserk cooldown, slowed, very slow
A: retaliatory headbutt, horns 2
a: Berserk, Trog's Hand, Brothers in Arms, Burn Spellbooks, Renounce Religion


You were in the Dungeon.
You worshipped Trog.
Trog was greatly pleased with you.
You were not hungry.

You visited 1 branch You collected 58 gold pieces.

Inventory:

Hand Weapons
 a - a +0 hand axe (weapon)
Armour
 b - a +0 animal skin (worn)
Scrolls
 i - a scroll of blinking
 l - a scroll of torment {unknown}
 m - 2 scrolls of identify {unknown}
 n - a scroll of fear {unknown}
 p - a scroll of holy word {unknown}
 q - a scroll of remove curse {unknown}
Potions
 d - a potion of curing
 e - a potion of heal wounds
 f - a potion of haste
 g - 2 potions of magic
 h - a potion of berserk rage
 k - 3 potions of mutation {unknown}
 o - 2 potions of invisibility {unknown}
 r - a potion of ambrosia {unknown}
 s - 2 potions of flight
Comestibles
 c - 3 rations
 t - 2 chunks of flesh


   Skills:
 + Level 6.5 Fighting
 * Level 8.6 Axes
 + Level 5.9 Armour
 + Level 5.4 Dodging


You had 4 spell levels left.
You didn't know any spells.

Dungeon Overview and Level Annotations

Branches:
Dungeon (1/1)

Altars:
Elyvilon
Kikubaaqudgha
Sif Muna
Vehumet
Zin
The Shining One


Innate Abilities, Weirdness & Mutations

You reflexively headbutt those who attack you in melee.
You have a pair of horns on your head.


Message History

You miss the deep elf mage.
The deep elf mage is lightly wounded.
The deep elf mage hits you with a long sword of holy wrath!
* * * LOW HITPOINT WARNING * * *
The deep elf mage gestures wildly while chanting.
The deep elf mage blinks!
Unknown command.
You close the door.
You start resting.
A deep elf mage opens the door.
It is wielding a long sword of holy wrath.
The deep elf mage casts a spell.
The deep elf mage blinks!
You close the door.
You fail to use your ability.
You fail to use your ability.
A deep elf mage opens the door.
You close the door.
A deep elf mage opens the door.
You slash the deep elf mage!
The deep elf mage is moderately wounded.
The deep elf mage hits you with a long sword of holy wrath!
You die...

▓▓▓▓▓ ▓▓▓ #...####
##.#####
#......#####..#___#
#.......#..#..#.@.#
##.##...#..#..###e#+###+
##.###..##'#..#..........
###.##..###...'.⌠........
#..##..####...#...######+
...##..###....#.⌠.#
..##...##.....#...#
.##....#......#'###
###..##.#.....#)).#


You could see a deep elf mage.

Vanquished Creatures
  A water elemental (D)
  A wizard (D)
  A human (D)
  A kobold demonologist (D)
  A wolf (D)
  2 oozes (D)
  2 rats (D)
9 creatures vanquished.

Vanquished Creatures (others)
  2 draconian scorchers (D)
  6 hellions (D)
  A yaktaur (D)
  A plant (D)
10 creatures vanquished.

Grand Total: 19 creatures vanquished

Notes
Turn   | Place    | Note
-------+----------+-------------------------------------------
     0 | D        | wojtek the Minotaur Berserker began the quest for the Orb.
     0 | D        | Reached XP level 1. HP: 19/19 MP: 0/0
     8 | D        | Reached skill level 4 in Axes
    11 | D        | Reached XP level 2. HP: 26/27 MP: 1/1
    28 | D        | Reached ** piety under Trog
    54 | D        | Killed a yaktaur
    56 | D        | Reached skill level 5 in Axes
    56 | D        | Reached XP level 3. HP: 35/35 MP: 2/2
    58 | D        | Reached skill level 5 in Fighting
    58 | D        | Reached skill level 6 in Axes
    95 | D        | Killed a hellion
    96 | D        | Killed a hellion
    99 | D        | Noticed a water elemental
   105 | D        | Killed a water elemental
   105 | D        | Reached *** piety under Trog
   105 | D        | Reached skill level 7 in Axes
   105 | D        | Reached skill level 5 in Armour
   105 | D        | Reached XP level 4. HP: 25/44 MP: 3/3
   108 | D        | Killed a hellion
   110 | D        | Killed a hellion
   110 | D        | Killed a hellion
   124 | D        | Killed a white draconian scorcher
   135 | D        | Killed a hellion
   205 | D        | Killed a white draconian scorcher
   288 | D        | Found a radiant altar of Vehumet.
   385 | D        | Found a deep blue altar of Sif Muna.
   385 | D        | Found an ancient bone altar of Kikubaaqudgha.
   385 | D        | Noticed a wizard
   391 | D        | Killed a wizard
   391 | D        | Reached skill level 8 in Axes
   391 | D        | Reached skill level 5 in Dodging
   396 | D        | Reached XP level 5. HP: 37/51 MP: 4/4
   479 | D        | Found a glowing silver altar of Zin.
   480 | D        | Found a glowing golden altar of the Shining One.
   480 | D        | Found a white marble altar of Elyvilon.
   480 | D        | Noticed a deep elf mage
   481 | D        | Noticed an ice beast
   483 | D        | Reached **** piety under Trog
   499 | D        | HP: 1/51 [deep elf mage/long sword of holy wrath (8)]
   506 | D        | Slain by a deep elf mage

Skill      XL: |  1  2  3  4 |
---------------+-------------+-----
Fighting       | 4 6 |  6.5
Axes           | 4 5 7 8 |  8.6
Armour         | 3 4 5 |  5.9
Dodging        | 3 4 5 |  5.4

Action                   |  1- 3 |  4- 6 || total
-------------------------+-------+-------++-------
Melee: Hand axe          |    15 |    17 ||    32
       Headbutt          |     3 |     2 ||     5
Invok: Berserk           |     2 |     1 ||     3
       Burn Spellbooks   |       |     1 ||     1
 Stab: Sleeping          |     1 |       ||     1
  Eat: Chunk             |       |     2 ||     2
Armor: Animal skin       |     3 |     3 ||     6
Dodge: Dodged            |     8 |     7 ||    15
